 Dungeon Crawl Stone Soup version 0.30-a0-711-gf4ac18a38d (webtiles) character file.

Game seed: 13453465294422247619

39 zinnoa the Magician (level 3, -7/25 HPs)
             Began as a Djinni Necromancer on Jan 22, 2023.
             Killed from afar by Grinder (8 damage)
             ... with a bolt of light
             ... on level 3 of the Dungeon.
             The game lasted 00:09:20 (1342 turns).

zinnoa the Magician (Djinni Necromancer)            Turns: 1342, Time: 00:09:21

Health: -7/25      AC:  2    Str:  7    XL:     3   Next: 67%
Gold:   12         EV: 12    Int: 18    God:
                   SH:  0    Dex: 13

rFire   + + .      SeeInvis .    d - +0 falchion
rCold   x . .      Faith    .    (no shield)
rNeg    . . .      Spirit   .    a - +0 robe
rPois   ∞          Reflect  .    (no helmet)
rElec   .          Harm     .    (no cloak)
rCorr   .          Rampage  .    (no gloves)
Will    .....                    (boots unavailable)
Stlth   ++                       (no amulet)
HPRegen 0.24/turn                (no ring)
MPRegen 0.00/turn                (no ring)

@: flying
A: sickness immunity, fire resistance 2, cold vulnerability 1, float, innate
caster, HP casting, extra vitality 1
a: no special abilities


You were on level 3 of the Dungeon.
You visited 1 branch of the dungeon, and saw 3 of its levels.

You collected 108 gold pieces.
You spent 96 gold pieces at shops.

Inventory:

Hand Weapons
 d - a +0 falchion (weapon)
Armour
 a - a +0 robe (worn)
Magical Staves
 f - a staff of earth
Scrolls
 c - a scroll of acquirement {unknown}
 e - 5 scrolls of identify
 k - a scroll of fog {unknown}
 l - a scroll of torment {unknown}
 m - a scroll of brand weapon {unknown}
 p - a scroll of summoning {unknown}
 q - a scroll of immolation {unknown}
 r - 3 scrolls of teleportation {unknown}
 s - a scroll of poison {unknown}
Potions
 b - a potion of magic
 g - a potion of heal wounds {unknown}
 h - 2 potions of ambrosia {unknown}
 i - a potion of resistance {unknown}
 j - a potion of mutation {unknown}
 n - 3 potions of brilliance {unknown}
 o - a potion of haste {unknown}


   Skills:
 + Level 2.2 Dodging
 + Level 1.5 Stealth
 + Level 4.1 Spellcasting


You couldn't memorise any spells.
You knew the following spells:

 Your Spells              Type           Power      Damage    Failure   Level
a - Necrotise             Necr           72%        1d7       2%          1
b - Vampiric Draining     Necr           18%        2d7       9%          3
c - Animate Dead          Necr           18%        N/A       26%         4
d - Agony                 Necr           18%        N/A       58%         5
e - Magic Dart            Conj           72%        1d6       2%          1
Your spell library was empty.

Dungeon Overview and Level Annotations

Branches:
Dungeon (3/15)

Altars:
Wu Jian

Shops:
D:2 ?

Annotations:
D:3 Grinder


Innate Abilities, Weirdness & Mutations

You are immune to sickness and miasma.
You are immune to poison.
Your flesh is very heat resistant. (rF++)
You are vulnerable to cold. (rC-)
You float through the air rather than walking.
You learn spells naturally, not from books.
Your magical power is your life essence.
You have superior vitality. (+4 MHP)


Message History

The kobold barely resists.
You hear a shout!
You hear a bark!
The kobold barely misses you.
An orc comes into view. It is wielding a +0 dagger.
Grinder zaps a wand.
The bolt of light misses you.
Casting: Necrotise (safe; 2% risk of failure)
Confirm with . or Enter, or press ? or * to list all spells.
Aiming: Necrotise (safe; 2% risk of failure)
Press: ? - help, Shift-Dir - straight line, f/p - kobold
Aim: a kobold, wielding a +0 club and quivering stones (chance to affect: 88%)
The kobold writhes in agony.
The kobold closely misses you. Grinder gestures at you.
You suddenly lose the ability to move!
The kobold hits you with a +0 club. x3
The orc priest hits you with a +0 dagger.
Grinder barely misses you. The kobold hits you but does no damage.
The orc priest hits you with a +0 dagger.
An orc comes into view. It is wielding a +0 dagger.
Grinder hits you.
You writhe in agony.
* * * LOW HITPOINT WARNING * * *
You can move again.
Casting: Necrotise (safe; 2% risk of failure)
Confirm with . or Enter, or press ? or * to list all spells.
The spell is quite dangerous to miscast (9% risk of failure)!
Continue anyway?
Okay, then.
There are monsters nearby!
Casting: Vampiric Draining (quite dangerous; 9% risk of failure)
Confirm with . or Enter, or press ? or * to list all spells.
The spell is quite dangerous to miscast (9% risk of failure)!
Continue anyway?
Aiming: Vampiric Draining (quite dangerous; 9% risk of failure)
Press: ? - help, Shift-Dir - straight line, f/p - kobold
Aim: a kobold, wielding a +0 club and quivering stones (severely wounded)
You draw life force from the kobold!
You kill the kobold!
* * * LOW HITPOINT WARNING * * *
The orc priest hits you with a +0 dagger.
* * * LOW HITPOINT WARNING * * *
Grinder zaps a wand.
The bolt of light hits you!
You die...

##### ## .....
.# ...... .#
......##.######
......5oo...o..
#@o# #..)....#
#.......#
##......#
#......#
####+#.$. .###
#


You could see Grinder, an orc priest and 3 orcs.

Vanquished Creatures
  A dart slug (D:2)
  A ball python (D:2)
  2 endoplasms
  4 giant cockroaches
  3 goblins (D:2)
  7 hobgoblins
  3 kobolds
  A quokka (D:2)
  2 frilled lizards (D:1)
  5 rats
29 creatures vanquished.

Vanquished Creatures (collateral kills)
  An endoplasm (D:1)
  A goblin (D:1)
  A rat (D:1)
3 creatures vanquished.

Grand Total: 32 creatures vanquished

Notes
Turn   | Place    | Note
-------+----------+-------------------------------------------
     0 | D:1      | zinnoa the Djinni Necromancer began the quest for the Orb.
     0 | D:1      | zinnoa set off with the following spells memorised:
                  | Necrotise, Vampiric Draining, Animate Dead, Agony.
     0 | D:1      | Reached XP level 1. HP: 15/15 MP: 0/0
   147 | D:1      | Reached XP level 2. HP: 19/21 MP: 0/0
   529 | D:1      | Found an ornate altar of the Wu Jian Council.
   627 | D:2      | Reached XP level 3. HP: 25/25 MP: 0/0
   627 | D:2      | Learned a level 1 spell: Magic Dart
   869 | D:2      | Reached skill level 4 in Spellcasting
  1170 | D:2      | Found Jaagrogey's Magic Scroll Emporium.
  1179 | D:2      | Bought a scroll of identify for 24 gold pieces
  1179 | D:2      | Bought a scroll of identify for 24 gold pieces
  1179 | D:2      | Bought a scroll of identify for 24 gold pieces
  1179 | D:2      | Bought a scroll of identify for 24 gold pieces
  1335 | D:3      | Noticed Grinder
  1337 | D:3      | Paralysed by Grinder for 5 turns
  1342 | D:3      | HP: 1/25 [orc priest/+0 dagger (2)]
  1342 | D:3      | Killed from afar by Grinder

Illustrated notes

Levels and vault maps discovered:
D:1:      dpeg_arrival_lava_altar, layout_rooms, dk_noncrumbling_3,
          minmay_octomino_e4
D:2:      layout_basic, serial_shops, shop, chequers_mini_garden
D:3:      layout_basic, mainiacjoe_overflow_six_doors_small,
          minmay_ogre_servants, uniq_grinder

Skill      XL: |  1  2  3 |
---------------+----------+-----
Spellcasting   | 4 |  4.1
Dodging        | |  2.2
Stealth        | |  1.5

Action                     || total
---------------------------++-------
  Melee: Falchion          ||     2
   Cast: Necrotise         ||    44
         Vampiric Draining ||     7
 Armour: Robe              ||     4
  Dodge: Dodged            ||    15

Table legend: (Time is in decaauts)
 A = Elapsed time spent in this place.
 B = Non-inter-level travel time spent in this place.
 C = Inter-level travel time spent in this place.
 D = Time resting spent in this place.
 E = Time spent auto-exploring this place.
 F = Levels seen in this place.
 G = Mean time per level.
                   A        B        C        D        E       F      G
               +--------+--------+--------+--------+--------+-----+--------+
         Total |   1341 |   1298 |     43 |      0 |   1003 |   3 |  447.0 |
       Dungeon |   1341 |   1298 |     43 |      0 |   1003 |   3 |  447.0 |
               +--------+--------+--------+--------+--------+-----+--------+

Top non-repeatable levels by time:
     D:2: 792 daAuts
     D:1: 542 daAuts
     D:3: 6 daAuts
